 Dungeon Crawl Stone Soup version 0.31.0-32-g396128a36d (webtiles) character file.

Game seed: 8706314324313686642

809 FlannelWizard the Grave Robber (level 7, -1/54 HPs)
             Began as a Demonspawn Necromancer on Mar 17, 2024.
             Succumbed to Dowan's poison
             ... on level 5 of the Dungeon.
             The game lasted 00:06:13 (3788 turns).

FlannelWizard the Grave Robber (DsNe)               Turns: 3788, Time: 00:06:14

Health: -1/54      AC:  7    Str:  6 (8)  XL:     7   Next: 61%
Magic:  10/10      EV: 12    Int: 15 (18) God:
Gold:   213        SH:  0    Dex: 10 (13) Spells: 9/10 levels left

rFire   . . .        e - +1 demon trident (elec)
rCold   + . .        (no shield)
rNeg    . . .        a - +0 robe
rPois   .            (helmet restricted)
rElec   .            (no cloak)
rCorr   .            m - +2 pair of gloves
SInv    .            (no boots)
Will    +....        (no amulet)
Stlth   ++           C - ring of protection from cold
HPRegen 0.29/turn    (no ring)
MPRegen 0.24/turn

%: no passive effects
@: mighty, lethally poisoned (-1 -> -18), enlightened, flying
A: horns 1, molten scales 1, magic regeneration, demonic magic 3
a: no special abilities


You were on level 5 of the Dungeon.
You visited 1 branch of the dungeon, and saw 5 of its levels.

You collected 213 gold pieces.


Innate Abilities, Weirdness & Mutations

You have a pair of small horns on your head.
You are partially covered in molten scales. (AC +2)
You regenerate magic rapidly.
Spells you cast and wands you use may paralyse nearby enemies.


   Skills:
 - Level 4.0 Fighting
 - Level 5.0 Polearms
 - Level 1.7 Dodging
 - Level 1.7 Stealth
 - Level 2.0 Spellcasting
 + Level 6.9 Necromancy


You had 9 spell levels left.
You knew the following spells:

 Your Spells              Type           Power      Damage    Failure   Level
X - Necrotise             Necr           88%        1d8       1%          1

Your spell library contained the following spells:

 Spells                   Type           Power      Damage    Failure   Level
 Sublimation of Blood     Necr           22%        N/A       1%          2
 Fugue of the Fallen      Necr           22%        N/A       3%          3
 Vampiric Draining        Necr           22%        2d7       3%          3
 Animate Dead             Necr           22%        N/A       13%         4
 Apportation              Tloc           2%         N/A       22%         1
 Magic Dart               Conj           4%         1d3       22%         1
 Sting                    Conj/Alch      4%         1d3       22%         1
 Summon Small Mammal      Summ           4%         N/A       22%         1
 Ensorcelled Hibernation  Hex/Ice        2%         N/A       32%         2
 Jinxbite                 Hex            2%         N/A       32%         2
 Searing Ray              Conj           2%         2d4       32%         2
 Curse of Agony           Necr           22%        N/A       34%         5
 Anguish                  Hex/Necr       5%         N/A       47%         4
 Passwall                 Erth           1%         N/A       54%         3
 Swiftness                Air            1%         N/A       54%         3
 Fulminant Prism          Conj/Alch      0%         3d5       91%         4
 Petrify                  Alch/Erth      1%         N/A       91%         4
 Irradiate                Conj/Alch      0%         3d11      99%         5
 Yara's Violent Unravell  Hex/Alch       0%         3d3       99%         5
 Enfeeble                 Hex            0%         N/A       100%        7

Inventory:

Hand Weapons
 e - a +1 demon trident of electrocution (weapon)
Missiles
 i - 5 atropa-tipped darts (quivered)
 q - 14 poisoned darts
Armour
 a - a +0 robe (worn)
 m - a +2 pair of gloves (worn)
Jewellery
 C - a ring of protection from cold (left hand)
Scrolls
 d - 2 scrolls of enchant armour {unknown}
 f - 4 scrolls of teleportation {@r2}
 h - a scroll of immolation {unknown}
 j - a scroll of enchant weapon {unknown}
 l - a scroll of vulnerability {unknown}
 o - 2 scrolls of torment {unknown}
 s - a scroll of poison {unknown}
 t - a scroll of silence {unknown}
 u - 2 scrolls of fog {unknown}
 w - a scroll of blinking
 x - a scroll of amnesia {unknown}
Potions
 b - a potion of magic
 g - a potion of heal wounds {unknown}
 n - 3 potions of mutation
 p - a potion of might
 r - a potion of enlightenment
 v - a potion of berserk rage {unknown}
 z - a potion of invisibility {unknown}

Dungeon Overview and Level Annotations

Branches:
Dungeon (5/15)
 Temple: D:4-7

Altars:
Fedhas
Nemelex Xobeh

Annotations:
D:5 Dowan

#...<.# #.###..# .# ......#
#.####.####.# ##..#..#
#...........# ..
#..##..#......###..#####...#
##. .....##.. ###......# #.
##......# ##..##..# #.
..##.. ###...## .# #.
###e.###......#
#.....@..........
.....(.)#........#
.##.....#.......#..
#...#.....#....##
#.##.....$#....# ..#
#..........# ... #...#... ..
## .....


You could see Dowan (fast).


Message History

Duvessa is almost dead.
Duvessa misses you. Duvessa hits you with a +0 short sword.
* * * LOW HITPOINT WARNING * * *
You hit Duvessa.
You kill Duvessa!
Dowan screams, "No!
No!"
Dowan seems to find hidden reserves of power!
Dowan hits you but does no damage.
You are poisoned.
Dowan closely misses you.
Unknown command.
You feel very mighty all of a sudden.
You feel very sick.
Dowan hits you with a +1 dagger of venom.
* * * LOW HITPOINT WARNING * * *
You are lethally poisoned!
It was a potion of enlightenment.
You feel very buoyant.
You fly up into the air.
* * * LOW HITPOINT WARNING * * *
You feel very sick.
Dowan gestures wildly while chanting.
Dowan blinks!
Dowan gestures at you while chanting. The shard of ice hits you!
You partially resist.
* * * LOW HITPOINT WARNING * * *
It was a potion of degeneration.
There was something very wrong with that liquid.
You feel weakened.
You feel dopey.
You feel clumsy.
You die...

Skill      XL: |  1  2  3  4  5  6  7 |
---------------+----------------------+-----
Fighting       | 1 2 3 4 |  4.0
Polearms       | 1 2 4 5 |  5.0
Necromancy     | 5 6 |  6.9
Dodging        | |  1.7
Stealth        | |  1.7
Spellcasting   | |  2.0

Action                     |  1- 3 |  4- 6 |  7- 9 || total
---------------------------+-------+-------+-------++-------
  Melee: Club              |    10 |       |       ||    10
         Demon trident     |    72 |   104 |    16 ||   192
         Punch             |     1 |     1 |       ||     2
         Headbutt          |     5 |    13 |     5 ||    23
  Throw: Dart              |       |       |     1 ||     1
   Cast: Necrotise         |     9 |     2 |     2 ||    13
    Use: Scroll            |       |       |     4 ||     4
         Potion            |       |       |     4 ||     4
   Stab: Sleeping          |     6 |     1 |       ||     7
         Distracted        |     1 |       |       ||     1
 Armour: Robe              |    36 |    47 |    13 ||    96
  Dodge: Dodged            |    45 |    56 |    10 ||   111

Levels and vault maps discovered:
D:1:      ldierk_walled_garden_2, layout_basic, serial_glass, glass_columns_a,
          glass_columns_a, due_unseen_surprise, ebering_dispersal_statue_hall
D:2:      minmay_door_path, layout_rooms, basic_altar
D:3:      layout_basic, lemuel_round_altar, uniq_grinder
D:4:      layout_gridville, serial_co_window_serial, co_window_corner_a,
          co_window_corner_a, co_window_corner_a, co_window_paths_a,
          co_window_paths_a, co_window_of_opportunity_b,
          co_window_unsneaky_path_b, co_window_corner_ca, co_window_broadway_c,
          co_window_broadway_b, co_window_paths_c, co_window_corner_b,
          glass_columns_a, glass_columns_a, glass_columns_c, glass_columns_c,
          minmay_misc_feat_iff, serial_library_hellmonk_hallway_a,
          chequers_serial_rivers_small_b
D:5:      layout_layer_cave, serial_shops, kennysheep_little_box,
          nicolae_ossuary_entry_false_entrances, uniq_duvessa, uniq_menkaure,
          uniq_crazy_yiuf_cottage

Notes
Turn   | Place    | Note
-------+----------+-------------------------------------------
     0 | D:1      | FlannelWizard the Demonspawn Necromancer began the quest
                  | for the Orb.
     0 | D:1      | Reached XP level 1. HP: 13/13 MP: 3/3
    67 | D:1      | Reached skill level 1 in Fighting
   286 | D:1      | Gained mutation: You are partially covered in molten
                  | scales. (AC +2) [demonic ancestry]
   286 | D:1      | Reached XP level 2. HP: 21/21 MP: 5/5
   570 | D:1      | Reached skill level 1 in Polearms
   726 | D:2      | Reached skill level 2 in Fighting
   756 | D:2      | Gained mutation: You have a pair of small horns on your
                  | head. [demonic ancestry]
   756 | D:2      | Reached XP level 3. HP: 20/27 MP: 0/6
   911 | D:2      | Reached skill level 2 in Polearms
  1145 | D:2      | Found a sparkling altar of Nemelex Xobeh.
  1273 | D:3      | Gained mutation: Spells you cast may paralyse adjacent
                  | enemies. [demonic ancestry]
  1273 | D:3      | Reached XP level 4. HP: 33/33 MP: 7/7
  1404 | D:3      | Reached skill level 3 in Polearms
  1551 | D:3      | Noticed Grinder
  1554 | D:3      | Paralysed by Grinder for 3 turns
  1573 | D:3      | Killed Grinder
  1574 | D:3      | Reached skill level 3 in Fighting
  1574 | D:3      | Reached skill level 4 in Polearms
  1574 | D:3      | Gained mutation: Spells you cast may paralyse nearby
                  | enemies. [demonic ancestry]
  1574 | D:3      | Reached XP level 5. HP: 12/42 MP: 8/8
  1574 | D:3      | Gained mutation: Spells you cast and wands you use may
                  | paralyse nearby enemies. [demonic ancestry]
  1574 | D:3      | Reached XP level 6. HP: 14/48 MP: 9/9
  1947 | D:3      | Found a blossoming altar of Fedhas.
  2745 | D:4      | Reached skill level 4 in Fighting
  2860 | D:4      | Reached skill level 5 in Polearms
  3105 | D:4      | Noticed a wyvern
  3111 | D:4      | Reached skill level 5 in Necromancy
  3111 | D:4      | Gained mutation: You regenerate magic rapidly. [demonic
                  | ancestry]
  3111 | D:4      | Reached XP level 7. HP: 49/54 MP: 10/10
  3389 | D:4      | Killed a wyvern
  3390 | D:4      | Reached skill level 6 in Necromancy
  3747 | D:5      | Entered Level 5 of the Dungeon
  3764 | D:5      | Noticed Dowan
  3770 | D:5      | Noticed Duvessa
  3785 | D:5      | Killed Duvessa
  3787 | D:5      | HP: 2/54 [Dowan/shard of ice (10)]
  3788 | D:5      | Succumbed to Dowan's poison

Vanquished Creatures
  Grinder (D:3)
  A wyvern (D:4)
  Duvessa (D:5)
  A black bear (D:4)
  A phantom (D:4)
  3 orc wizards
  4 adders
  3 dart slugs
  2 ribbon worms
  10 orcs
  7 endoplasms
  4 giant cockroaches
  3 goblins
  6 hobgoblins
  8 jackals
  5 quokkas
  4 ball pythons
  6 bats
  2 frilled lizards (D:1)
  3 kobolds
  2 rats
77 creatures vanquished.

Table legend: (Time is in decaauts)
 A = Elapsed time spent in this place.
 B = Non-inter-level travel time spent in this place.
 C = Inter-level travel time spent in this place.
 D = Time resting spent in this place.
 E = Time spent auto-exploring this place.
 F = Levels seen in this place.
 G = Mean time per level.
                   A        B        C        D        E       F      G
               +--------+--------+--------+--------+--------+-----+--------+
         Total |   3822 |   3626 |    196 |    428 |   2571 |   5 |  764.4 |
       Dungeon |   3822 |   3626 |    196 |    428 |   2571 |   5 |  764.4 |
               +--------+--------+--------+--------+--------+-----+--------+

Top non-repeatable levels by time:
     D:3: 1518 daAuts
     D:4: 974 daAuts
     D:1: 720 daAuts
     D:2: 567 daAuts
     D:5: 41 daAuts

Table legend:
 A = Non-vault XP
 B = Vault XP
 C = Vault XP percentage of total XP
 D = Non-vault monster count
 E = Vault monster count
 F = Vault count percentage of total count
                 A         B        C        D         E       F
            +---------+---------+-------+---------+---------+-------
      Total |     719 |     437 |  37.8 |      72 |       5 |   6.5
            +---------+---------+-------+---------+---------+-------
        D:1 |      32 |       0 |   0.0 |      18 |       0 |   0.0
        D:2 |      45 |      18 |  28.6 |      17 |       3 |  15.0
        D:3 |      75 |     281 |  78.9 |      12 |       1 |   7.7
        D:4 |     567 |       0 |   0.0 |      25 |       0 |   0.0
        D:5 |       0 |     138 | 100.0 |       0 |       1 | 100.0
            +---------+---------+-------+---------+---------+-------
